Selects Italian Combined Arms Battlegroup
Construct Light Support Kompanie
Construct Mechanized Kompanie
Selects Bersaglieri Squad
Selects Vehicle Support - Secure Location
Panzerjäger Mechanized Group
254 Reconnaissance Tractor
Marder III Tank Destroyer
Selects Breda Model 30 Light Machine Guns
Construct Panzerarmee Kommand
Selects Semovente da 75/18 Assault Gun